 Dungeon Crawl Stone Soup version 0.20.0-10-g0535bb4 (webtiles) character file.

10299 straycat the Covert (level 11, -4/83 HPs)
             Began as a Vampire Fighter on June 5, 2017.
             Was a Priest of Yredelemnul.
             Slain by a very large slime creature (46 damage)
             ... on level 12 of the Dungeon on June 6, 2017.
             The game lasted 01:35:05 (12862 turns).

straycat the Covert (Vampire Fighter)              Turns: 12862, Time: 01:35:06

Health: -4/83      AC: 14    Str: 18    XL:     11   Next: 34%
Magic:  11/11      EV: 16    Int: 10    God:    Yredelemnul [***...]
Gold:   771        SH:  0    Dex: 15    Spells: 4/10 levels left

rFire    . . .     SeeInvis +   a - +3 double sword
rCold    + + .     Gourm    .   (no shield)
rNeg     + + +     Faith    +   S - +3 scale mail
rPois    ∞         Spirit   .   V - +0 helmet
rElec    .         Reflect  .   Z - +0 cloak
rCorr    .         Harm     .   m - +0 pair of gloves
MR       +....                  G - +0 pair of boots
Stlth    ++++++....             l - amulet of faith
Regen    0.0/turn               s - +3 ring of slaying
MPRegen  0.2/turn               (no ring)

@: injury mirror, bloodless, non-regenerating
A: fangs 3, see invisible, unbreathing
a: Bat Form, Recall Undead Slaves, Injury Mirror, Animate Dead, Renounce
Religion


You were on level 12 of the Dungeon.
You worshipped Yredelemnul.
Yredelemnul was most pleased with you.
You were bloodless.

You visited 2 branches of the dungeon, and saw 12 of its levels.

You collected 771 gold pieces.

Inventory:

Hand Weapons
 a - a +3 double sword (weapon)
 g - a +4 battleaxe
 q - a +0 hunting sling
 z - a +5 short sword of venom
 M - a +0 blowgun
 O - a +0 hand crossbow
 Q - a +1 vampiric spear
Missiles
 f - 311 stones
 i - 73 bolts
 p - 11 javelins (quivered)
 w - 15 arrows
 D - 27 poisoned needles
 I - 122 sling bullets
 P - 6 curare-tipped needles
Armour
 c - a +0 shield
 d - a +2 scale mail of fire resistance
 m - a +0 pair of gloves (worn)
 C - a +0 troll leather armour
 G - a +0 pair of boots (worn)
 S - a +3 scale mail (worn)
 T - +0 acid dragon scales
 V - a +0 helmet (worn)
 Z - a +0 cloak (worn)
Jewellery
 l - an amulet of faith (around neck)
 s - a +3 ring of slaying (left hand)
 A - an uncursed ring of ice
Wands
 n - a wand of random effects (40/48)
 o - a wand of disintegration (6/24)
 r - a wand of lightning (10/15)
 x - a wand of iceblast (6/15)
 y - a wand of flame (15/48)
 W - a wand of acid (4/15)
 Y - a wand of disintegration (10/24)
Scrolls
 b - a scroll of amnesia
 k - a scroll of immolation {unknown}
 E - a scroll of teleportation
 L - a scroll of recharging
 X - a scroll of fog
Potions
 e - a potion of ambrosia {unknown}
 h - 2 potions of berserk rage
 t - 4 potions of curing
 u - a potion of flight
 v - 2 potions of might
 B - a potion of cancellation
 F - a potion of invisibility
 J - 3 potions of mutation
Books
 j - a book of Debilitation

   Spells                             Type                      Level
   a - Corona                         Hexes                        1
   b - Slow                           Hexes                        2
   c - Inner Flame                    Hexes/Fire                   3
   d - Portal Projectile              Hexes/Translocation          3
   e - Cause Fear                     Hexes                        4
   f - Leda's Liquefaction            Hexes/Earth                  4


   Skills:
 + Level 6.7 Fighting
 + Level 3.5 Short Blades
 + Level 3.2 Armour
 * Level 11.5 Dodging
 + Level 14.2 Stealth
 + Level 3.7 Shields
 + Level 9.8 Hexes


You had 4 spell levels left.
You knew the following spells:

 Your Spells              Type           Power        Failure   Level  Hunger
a - Corona                Hex            ###....      1%          1    ##.....
b - Slow                  Hex            ###.....     3%          2    ###....
c - Inner Flame           Hex/Fire       #.......     43%         3    ####...


Dungeon Overview and Level Annotations

Branches:
Dungeon (12/15)            Temple (1/1) D:4            Lair (0/6) D:11
    Orc: D:9-12

Altars:
Ashenzari
Elyvilon
Gozag
Hepliaklqana
Uskayaw
Vehumet
Yredelemnul

Shops:
D:11 (


Innate Abilities, Weirdness & Mutations

You do not heal naturally.
You are immune to poison.
You have razor-sharp teeth.
You have supernaturally acute eyesight. (SInv)
You can survive without breathing.


Message History

You slice the slime creature!!
The slime creature is almost dead.
Two slime creatures merge to form a large slime creature.
The slime creature hits you!
You slash the slime creature!
The slime creature is almost dead.
The slime creature hits you.
Two slime creatures merge to form a very large slime creature.
Press: ? - help, v - describe, . - travel
Here: a very large slime creature (moderately wounded)
The floor.
Unknown command.
You offer yourself to Yredelemnul, and are filled with unholy energy.
The very large slime creature completely misses you.
You slice the very large slime creature!!
The very large slime creature is heavily wounded.
The very large slime creature hits you!!!
Ouch! That really hurt!
You die...
Yredelemnul claims you as an undead slave.

#....(..((..#...##
#.########..###.#.
#.# #....#.#. #.#
#....#.#. #.#
#....#.#. #.#
#....#.#. #.#
#.####.#. #J#
#.#....#. #@#
#.#....#.
#.########.#....##
##..........#.....z
#...........#######
#..................
###.......#####......
#......####...#......
#......#......#......
#......#......#...[..


You could see a very large slime creature.

Vanquished Creatures
  Urug (D:12)
  2 unseen horrors (D:12)
  A centaur zombie (D:12)
  Maurice (D:11)
  2 gargoyles
  A kobold demonologist (D:12)
  4 trolls
  A wyvern (D:11)
  9 yaks
  2 vampire mosquitoes (D:12)
  An acid dragon (D:12)
  2 water moccasins
  An ice beast (D:9)
  A sky beast (D:5)
  2 orc warriors
  A black bear (D:6)
  4 necrophages (D:7)
  3 ogres
  A hornet zombie (D:11)
  A big kobold (D:12)
  3 bullfrogs
  5 scorpions
  A killer bee (D:12)
  4 howler monkeys
  6 wights
  4 crimson imps
  A bullfrog zombie (D:12)
  5 jellies
  3 orc priests
  6 hounds
  Jessica (D:3)
  A centaur skeleton (D:5)
  Terence (D:2)
  Ijyb (D:3)
  3 iguanas
  8 orc wizards
  A worker ant (D:5)
  A killer bee zombie (D:6)
  2 hound zombies
  A hound skeleton (D:8)
  2 worker ant zombies (D:7)
  12 adders
  A shadow imp (D:6)
  2 adder zombies
  3 worms
  2 dart slugs
  5 leopard geckos
  30 orcs
  A ball python (D:3)
  4 giant cockroaches
  7 goblins
  A hobgoblin (D:3)
  11 jackals
  15 kobolds
  A quokka (D:2)
  10 bats
  7 frilled lizards
  A jackal skeleton (D:7)
  8 rats
  A fungus (D:5)
223 creatures vanquished.

Vanquished Creatures (collateral kills)
  A deep elf mage (D:12)
  A cyclops (D:11)
  A kobold demonologist (D:11)
  A troll (D:12)
  A harpy skeleton (D:11)
  A hippogriff (D:11)
  A vampire mosquito (D:12)
  An ogre (D:11)
  A bullfrog (D:11)
  2 orc wizards
  A centaur skeleton (D:11)
  4 orcs
16 creatures vanquished.

Vanquished Creatures (others)
  An ogre (D:11)
  A vampire mosquito zombie (D:12)
  A hippogriff zombie (D:11)
  A wyvern zombie (D:11)
  A cyclops zombie (D:11)
  A troll zombie (D:11)
  A yak zombie (D:12)
  2 wights
  A bullfrog zombie (D:12)
  A kobold zombie (D:11)
  An acid dragon zombie (D:12)
  2 ogre zombies (D:11)
  A scorpion zombie (D:12)
  10 orc zombies
  2 fungi (D:5)
27 creatures vanquished.

Grand Total: 266 creatures vanquished

Notes
Turn   | Place    | Note
-------+----------+-------------------------------------------
     0 | D:1      | straycat the Vampire Fighter began the quest for the Orb.
     0 | D:1      | Reached XP level 1. HP: 17/17 MP: 1/1
   169 | D:1      | Reached XP level 2. HP: 22/23 MP: 2/2
   604 | D:2      | Reached skill level 1 in Stealth
   653 | D:2      | Reached XP level 3. HP: 12/28 MP: 3/3
   970 | D:2      | Reached skill level 1 in Dodging
   970 | D:2      | Reached skill level 2 in Stealth
  1281 | D:2      | Noticed Terence
  1305 | D:2      | Killed Terence
  1305 | D:2      | Reached skill level 3 in Stealth
  1305 | D:2      | Reached XP level 4. HP: 5/34 MP: 4/4
  1797 | D:2      | Reached skill level 4 in Stealth
  2089 | D:3      | Noticed Jessica
  2097 | D:3      | Killed Jessica
  2097 | D:3      | Reached XP level 5. HP: 27/39 MP: 5/5
  2323 | D:3      | Noticed Ijyb
  2326 | D:3      | Killed Ijyb
  2326 | D:3      | Reached skill level 5 in Stealth
  2368 | D:3      | Found a shattered altar of Ashenzari.
  3117 | D:4      | Reached XP level 6. HP: 46/46 MP: 6/6
  3131 | D:4      | Reached skill level 6 in Stealth
  3391 | D:4      | Found a staircase to the Ecumenical Temple.
  3413 | Temple   | Entered the Ecumenical Temple
  3424 | Temple   | Became a worshipper of Yredelemnul the Dark
  3808 | D:4      | Found a hazy altar of Hepliaklqana.
  3810 | D:4      | Found a radiant altar of Vehumet.
  3923 | D:5      | Entered Level 5 of the Dungeon
  4035 | D:5      | Reached skill level 7 in Stealth
  4054 | D:5      | Reached skill level 5 in Dodging
  4129 | D:5      | Reached XP level 7. HP: 32/51 MP: 7/7
  4737 | D:5      | Reached skill level 8 in Stealth
  4804 | D:5      | Reached * piety under Yredelemnul
  5037 | D:5      | Reached skill level 9 in Stealth
  5310 | D:5      | Found a radiant altar of Vehumet.
  5524 | D:5      | Found a white marble altar of Elyvilon.
  5524 | D:5      | Found a hide-covered altar of Uskayaw.
  5580 | D:6      | Reached XP level 8. HP: 58/58 MP: 8/8
  5827 | D:6      | Reached skill level 10 in Stealth
  6516 | D:6      | Reached ** piety under Yredelemnul
  6521 | D:6      | Reached skill level 11 in Stealth
  6796 | D:7      | Found a basalt altar of Yredelemnul.
  6857 | D:7      | Reached XP level 9. HP: 60/66 MP: 9/9
  6962 | D:7      | Reached skill level 12 in Stealth
  7482 | D:8      | Noticed a troll
  7484 | D:8      | Killed a troll
  7526 | D:8      | Learned a level 1 spell: Corona
  7529 | D:8      | Learned a level 2 spell: Slow
  7830 | D:9      | Reached skill level 1 in Hexes
  8028 | D:9      | You fall through a shaft for 3 floors!
  8030 | D:12     | Noticed Urug
  8050 | D:12     | Reached *** piety under Yredelemnul
  8144 | D:12     | Noticed an unseen horror
  8158 | D:12     | Killed an unseen horror
  8158 | D:12     | Reached skill level 5 in Fighting
  8222 | D:12     | Reached skill level 13 in Stealth
  8465 | D:12     | Noticed a troll
  8478 | D:12     | Killed a troll
  8478 | D:12     | Reached skill level 5 in Hexes
  8478 | D:12     | Reached XP level 10. HP: 45/74 MP: 10/10
  9082 | D:11     | Found an opulent altar of Gozag.
  9130 | D:11     | Found a labyrinth entrance.
  9174 | D:11     | Noticed a gargoyle
  9212 | D:11     | Killed a gargoyle
  9212 | D:11     | Reached skill level 10 in Dodging
  9337 | D:11     | Noticed Maurice
  9345 | D:11     | Killed Maurice
  9521 | D:11     | Found Loohagg's Antique Weapon Emporium.
  9602 | D:11     | Received a gift from Yredelemnul (a wight)
  9804 | D:11     | Noticed a cyclops
  9836 | D:11     | Killed a cyclops
  9895 | D:11     | Found a staircase to the Lair.
 10003 | D:11     | Learned a level 3 spell: Inner Flame
 10428 | D:12     | Killed Urug
 10719 | D:12     | Reached skill level 14 in Stealth
 10734 | D:12     | Noticed a gargoyle
 10747 | D:12     | Reached XP level 11. HP: 16/82 MP: 11/11
 10755 | D:12     | Received a gift from Yredelemnul (a wight)
 11364 | D:12     | Noticed a deep elf mage
 11400 | D:12     | Killed a deep elf mage
 11918 | D:12     | Noticed an unseen horror
 11930 | D:12     | Killed an unseen horror
 12862 | D:12     | Slain by a very large slime creature

Skill      XL: |  1  2  3  4  5  6  7  8  9 10 11 |
---------------+----------------------------------+-----
Shields        | 3 |  3.7
Stealth        | 1 3 4 5 7 9 11 13 14 | 14.2
Dodging        | 2 4 5 6 8 9 11 | 11.5
Fighting       | 3 4 5 6 |  6.7
Hexes          | 5 9 |  9.8
Short Blades   | 3 |  3.5
Armour         | 3 |  3.2

Action                   |  1- 3 |  4- 6 |  7- 9 | 10-12 || total
-------------------------+-------+-------+-------+-------++-------
Melee: Rapier            |   118 |   240 |       |       ||   358
       Bite              |    13 |    21 |    26 |    28 ||    88
       Short sword       |       |       |   261 |   182 ||   443
       Long sword        |       |       |    15 |       ||    15
       Dagger            |       |       |    10 |       ||    10
       Double sword      |       |       |       |    25 ||    25
 Fire: Hunting sling     |       |       |     8 |       ||     8
       Hand crossbow     |       |       |       |     5 ||     5
Throw: Stone             |       |       |       |     1 ||     1
 Cast: Slow              |       |       |     1 |     6 ||     7
       Corona            |       |       |       |     3 ||     3
       Inner Flame       |       |       |       |     2 ||     2
Invok: Animate Remains   |       |       |     9 |       ||     9
       Animate Dead      |       |       |     5 |    16 ||    21
       Injury Mirror     |       |       |       |     5 ||     5
       Recall Undead Sla |       |       |       |     3 ||     3
 Abil: End Transformatio |       |       |     2 |     3 ||     5
       Bat Form          |       |       |     2 |     3 ||     5
Evoke: Wand              |       |       |     2 |       ||     2
  Use: Potion            |     4 |       |     9 |    19 ||    32
       Scroll            |       |       |    19 |     5 ||    24
 Stab: Distracted        |       |     1 |       |       ||     1
       Sleeping          |       |     5 |    22 |     5 ||    32
  Eat: Corpse            |       |     1 |     1 |     1 ||     3
Armor: Scale mail        |    61 |    80 |    79 |    92 ||   312
Dodge: Dodged            |    31 |    74 |   157 |   198 ||   460
Block: Shield            |    67 |   107 |       |       ||   174
       Rpst.: Long sword |       |       |     4 |       ||     4
       Double sword      |       |       |       |     4 ||     4
